[Event "Team 45 45 League T33"]
[Site "Internet Chess Club"]
[Date "2007.05.11"]
[Round "4"]
[White "DeepHmm"]
[Black "chsrules88"]
[Result "1-0"]
[WhiteElo "2254"]
[BlackElo "2079"]
[ECO "D07"]
[TimeControl "2700+45"]

1. d4 d5 2. c4 Nc6 3. Nc3 Nf6 4. Nf3 Bg4 5. cxd5 Bxf3 6. gxf3 Nxd5 7. e4 Nxc3 8.
bxc3 e5 9. Rb1 exd4 10. Rxb7 dxc3 11. Qa4 Qd6 12. Bb5 Kd7 13. O-O c2 14. Qxc2 a6
15. Ba4 {Black resigns} 1-0

[Event "Team 45 45 League T33"]
[Site "Internet Chess Club"]
[Date "2007.05.13"]
[Round "4"]
[White "Andre"]
[Black "PaulKaspar"]
[Result "1-0"]
[WhiteElo "1881"]
[BlackElo "1878"]
[ECO "D20"]
[TimeControl "2700+45"]

1. d4 d5 2. c4 dxc4 3. Nc3 e6 4. e4 Nf6 5. Bxc4 c6 6. Nf3 Bb4 7. Qe2 O-O 8. Bg5
Be7 9. O-O Ne8 10. Bxe7 Qxe7 11. Rad1 Nc7 12. Rfe1 Nd7 13. d5 cxd5 14. exd5 Qc5
15. dxe6 Nb6 16. exf7+ Kh8 17. Bb3 Bg4 18. Qe7 Qxe7 19. Rxe7 Bxf3 20. gxf3 Na6
21. Rde1 Nc5 22. Ne4 Nxb3 23. axb3 g6 24. Nc5 Nd5 25. Rxb7 Nf4 26. h4 Kg7 27.
Re4 Nd5 28. Ne6+ {Black resigns} 1-0

[Event "Team 45 45 League T33"]
[Site "Internet Chess Club"]
[Date "2007.05.12"]
[Round "4"]
[White "viking99"]
[Black "tourettes"]
[Result "0-1"]
[WhiteElo "1830"]
[BlackElo "1858"]
[ECO "C15"]
[TimeControl "2700+45"]

1. e4 e6 2. d4 d5 3. Nc3 Bb4 4. Bd2 Ne7 5. e5 c5 6. Nb5 Bxd2+ 7. Qxd2 O-O 8. f4
cxd4 9. Nf3 Qb6 10. O-O-O Bd7 11. Nfxd4 Nbc6 12. Nd6 Nxd4 13. Qxd4 Qxd4 14. Rxd4
b6 15. Ba6 Nc6 16. Rd2 Rab8 17. a3 Ne7 18. Rf1 g6 19. g4 f6 20. Rdf2 fxe5 21.
fxe5 Rxf2 22. Rxf2 Rf8 23. Rxf8+ Kxf8 24. Bb5 Bxb5 25. Nxb5 Nc6 26. h3 a5 27.
Nd4 Nxd4 {White resigns} 0-1

[Event "Team 45 45 League T33"]
[Site "Internet Chess Club"]
[Date "2007.05.15"]
[Round "4"]
[White "Razorbackchess"]
[Black "ChessAddict"]
[Result "0-1"]
[WhiteElo "1867"]
[BlackElo "2151"]
[ECO "A25"]
[TimeControl "2700+45"]

1. c4 e5 2. g3 Nc6 3. Bg2 g6 4. Nc3 Bg7 5. e4 d6 6. Nge2 f5 7. d3 Nf6 8. O-O O-O
9. Rb1 Nh5 10. Nd5 a5 11. f4 exf4 12. Nexf4 Nxf4 13. Bxf4 fxe4 14. Bxe4 Bh3 15.
Bg2 Bxg2 16. Kxg2 Nb4 17. Nc3 Qd7 18. d4 Qc6+ 19. d5 Qxc4 20. Rc1 Bxc3 21. Rxc3
Qxd5+ 22. Qxd5+ Nxd5 {White resigns} 0-1

[Event "Team 45 45 League T33"]
[Site "Internet Chess Club"]
[Date "2007.05.11"]
[Round "4"]
[White "blackcatdillac"]
[Black "Changuito-77"]
[Result "1-0"]
[WhiteElo "1826"]
[BlackElo "1788"]
[ECO "C52"]
[TimeControl "2700+45"]

1. e4 e5 2. Nf3 Nc6 3. Bc4 Bc5 4. b4 Bxb4 5. c3 Ba5 6. d4 exd4 7. O-O Nge7 8.
Ng5 Ne5 9. Nxf7 Nxf7 10. Bxf7+ Kxf7 11. Qh5+ Ng6 12. Qxa5 c6 13. Qxd8 Rxd8 14.
cxd4 d5 15. Bg5 Ne7 16. f3 h6 17. Be3 b6 18. Nc3 Ba6 19. Rfe1 Rd6 20. Rad1 Bc4
21. e5 Re6 22. g4 g5 23. Kf2 Ng6 24. Kg3 a5 25. Rd2 b5 26. Ne2 Bxe2 27. Rdxe2
Ke7 28. f4 gxf4+ 29. Bxf4 Nxf4 30. Kxf4 Rf8+ 31. Kg3 b4 32. Rc2 Kd7 33. Rb1 Rb8
34. Rc5 Rb5 35. Rbc1 Rxc5 36. Rxc5 a4 37. Ra5 b3 38. Rxa4 bxa2 39. Rxa2 c5 40.
Kf4 c4 41. Ra5 Rc6 42. Rxd5+ Ke6 43. Rc5 Rxc5 44. dxc5 Kd5 45. e6 Kxe6 46. Ke4
c3 47. Kd3 c2 48. Kxc2 Kd5 49. Kd3 Kxc5 50. Ke4 Kd6 51. Kf5 Ke7 52. Kg6 Kf8 53.
Kxh6 Kg8 54. h4 Kh8 55. g5 Kg8 56. g6 Kh8 57. Kg5 Kg7 58. h5 Kg8 59. Kf6 Kh8 60.
h6 Kg8 61. h7+ Kh8 62. g7+ Kxh7 63. Kf7 {Black resigns} 1-0

[Event "Team 45 45 League T33"]
[Site "Internet Chess Club"]
[Date "2007.05.13"]
[Round "4"]
[White "rss"]
[Black "bahus"]
[Result "1-0"]
[WhiteElo "1849"]
[BlackElo "1909"]
[ECO "C68"]
[TimeControl "2700+45"]

1. e4 e5 2. Nf3 Nc6 3. Bb5 a6 4. Bxc6 dxc6 5. Nc3 Bd6 6. h3 Nf6 7. d4 Qe7 8.
dxe5 Bxe5 9. Nxe5 Qxe5 10. O-O O-O 11. Qf3 Be6 12. Bf4 Qa5 13. b3 b5 14. Bd2 c5
15. Rfd1 Qb6 16. Be3 Qc6 17. Nd5 Bxd5 18. exd5 Qd6 19. Bf4 Qb6 20. d6 cxd6 21.
Rxd6 Qa5 22. Rxf6 gxf6 23. Bh6 {Black resigns} 1-0

[Event "Team 45 45 League T33"]
[Site "Internet Chess Club"]
[Date "2007.05.13"]
[Round "4"]
[White "luar1609"]
[Black "Electryon"]
[Result "1-0"]
[WhiteElo "2041"]
[BlackElo "1680"]
[ECO "C10"]
[TimeControl "2700+45"]

1. e4 e6 2. d4 d5 3. Nc3 dxe4 4. Nxe4 Nd7 5. Nf3 Ngf6 6. Nxf6+ Nxf6 7. c3 c5 8.
Ne5 cxd4 9. Bb5+ Bd7 10. Nxd7 Nxd7 11. Qxd4 a6 12. Ba4 b5 13. Bc2 Nf6 14. Qh4
Be7 15. O-O Qd5 16. a4 Qh5 17. Qxh5 Nxh5 18. axb5 O-O 19. bxa6 Rfc8 20. Be4 Ra7
21. Bb7 Rc7 22. Be3 Bc5 23. Bxc5 Rxc5 24. b4 Rxc3 25. b5 Rb3 26. Rfb1 Rxb1+ 27.
Rxb1 Nf6 28. b6 Rxb7 29. axb7 Nd7 30. Rd1 {Black resigns} 1-0

[Event "Team 45 45 League T33"]
[Site "Internet Chess Club"]
[Date "2007.05.13"]
[Round "4"]
[White "jonesey"]
[Black "bobhill"]
[Result "0-1"]
[WhiteElo "1965"]
[BlackElo "2088"]
[ECO "B76"]
[TimeControl "2700+45"]

1. e4 c5 2. Nf3 d6 3. d4 cxd4 4. Nxd4 Nf6 5. Nc3 g6 6. f3 Nc6 7. Be3 Bg7 8. Qd2
O-O 9. O-O-O d5 10. exd5 Nxd5 11. Nxc6 bxc6 12. Bd4 e5 13. Bc5 Qa5 14. Bxf8 Bxf8
15. Nxd5 Qxa2 16. Nf6+ Kh8 17. Qd8 Bb7 18. Qxa8 Bxa8 19. Rd8 Qa1+ 20. Kd2 Qa5+
{White resigns} 0-1

[Event "Team 45 45 League T33"]
[Site "Internet Chess Club"]
[Date "2007.05.12"]
[Round "4"]
[White "camembert"]
[Black "MiroslavR"]
[Result "1-0"]
[WhiteElo "1937"]
[BlackElo "1968"]
[ECO "E73"]
[TimeControl "2700+45"]

1. d4 Nf6 2. c4 g6 3. Nc3 Bg7 4. e4 d6 5. Be2 O-O 6. Bg5 Na6 7. Qc2 h6 8. Bd2 e5
9. d5 Nb4 10. Qb3 a5 11. h4 Na6 12. h5 g5 13. f3 c6 14. g4 Nc5 15. Qc2 Bd7 16.
Nh3 Nh7 17. Nf2 Re8 18. O-O Nf6 19. b3 cxd5 20. cxd5 Qc7 21. Qb2 Na6 22. Be3
Rec8 23. Rfc1 Qd8 24. a3 Ne8 25. Rc2 Bf8 26. Rac1 Be7 27. b4 a4 28. Bb5 Bxb5 29.
Nxb5 Rxc2 30. Qxc2 Qd7 31. Nc3 b5 32. Ne2 Bd8 33. Ng3 Ng7 34. Nd1 Kf8 35. Bf2
Ke7 36. Ne3 Kf8 37. Nef5 Ra7 38. Qc6 Qxc6 39. Rxc6 Ra8 40. Nxd6 Be7 41. Ngf5
Nxf5 42. Nxf5 Bxb4 43. axb4 Nxb4 44. Bc5+ {Black resigns} 1-0

[Event "Team 45 45 League T33"]
[Site "Internet Chess Club"]
[Date "2007.05.13"]
[Round "4"]
[White "Bort"]
[Black "A-Ru"]
[Result "1-0"]
[WhiteElo "2058"]
[BlackElo "2005"]
[ECO "A40"]
[TimeControl "2700+45"]

1. d4 e6 2. Nf3 d5 3. c4 c6 4. Bg5 f6 5. Bf4 dxc4 6. e4 b5 7. Be2 a6 8. Nc3 Bb4
9. O-O Ne7 10. a4 Bb7 11. d5 Bxc3 12. bxc3 cxd5 13. Nd4 Qd7 14. Bg4 f5 15. exf5
exf5 16. Nxf5 Nxf5 17. Re1+ Kf7 18. Re5 g6 19. Bxf5 Qd6 20. Be6+ Kg7 21. Qd2 h6
22. Re2 Qf8 23. Be5+ Kh7 24. Bxh8 Kxh8 25. Rae1 Nc6 26. Bd7 Qg7 27. Bxc6 Bxc6
28. Re7 Qf8 29. Qd4+ Kg8 30. Qe5 Qxe7 31. Qxe7 Re8 32. Qxe8+ Bxe8 33. Rxe8+ Kf7
34. axb5 axb5 35. Rb8 d4 36. cxd4 {Black resigns} 1-0

[Event "Team 45 45 League T33"]
[Site "Internet Chess Club"]
[Date "2007.05.15"]
[Round "4"]
[White "Beetlejuice"]
[Black "spirit87"]
[Result "1-0"]
[WhiteElo "1859"]
[BlackElo "2166"]
[ECO "A48"]
[TimeControl "2700+45"]

1. d4 Nf6 2. Nf3 g6 3. b3 d5 4. Bb2 Bg7 5. e3 O-O 6. Bd3 c6 7. Nbd2 Bg4 8. h3
Bxf3 9. Nxf3 Nfd7 10. O-O Re8 11. Re1 e5 12. dxe5 Nxe5 13. Nxe5 Bxe5 14. Bxe5
Rxe5 15. e4 dxe4 16. Rxe4 Rxe4 17. Bxe4 Nd7 18. Qd2 Nc5 19. Qe3 Qe7 20. Re1 Re8
21. Bf3 Qxe3 22. Rxe3 Rxe3 23. fxe3 f5 24. b4 Ne4 25. Bxe4 fxe4 26. Kf2 g5 27.
Kg3 Kf7 28. h4 h6 29. hxg5 hxg5 30. Kg4 Kf6 31. Kh5 Kf5 32. g4+ Kf6 33. a4 b6
34. a5 {Black resigns} 1-0

[Event "Team 45 45 League T33"]
[Site "Internet Chess Club"]
[Date "2007.05.13"]
[Round "4"]
[White "Boromir"]
[Black "kostasgr"]
[Result "1-0"]
[WhiteElo "1949"]
[BlackElo "2117"]
[ECO "B01"]
[TimeControl "2700+45"]

1. e4 d5 2. exd5 Qxd5 3. Nc3 Qa5 4. d4 Nf6 5. Nf3 c6 6. Bc4 Bf5 7. Ne5 e6 8. g4
Bg6 9. h4 Nbd7 10. Nxd7 Nxd7 11. h5 Be4 12. Rh3 Bg2 13. Re3 Nb6 14. Bd3 Nd5 15.
f3 Nxc3 16. bxc3 Qxc3+ 17. Bd2 Qxd4 18. Kf2 Bxf3 19. Kxf3 Bc5 20. Kg2 O-O-O 21.
Rb1 g6 22. Qf3 f5 23. Rxe6 fxg4 24. Qf4 Qd5+ 25. Qe4 Rhf8 26. Be1 gxh5 27. Qxd5
Rxd5 28. Bg3 Bb6 29. Re7 h6 30. Rh7 Rfd8 31. Rf1 R8d7 32. Rf8+ Bd8 33. Rxh6 b5
34. Rxc6+ Kb7 35. Rh6 Rc5 36. Be4+ Kc8 37. Bf5 Rxf5 38. Rxf5 Rd2+ 39. Rf2 Rd5
40. Rh7 a5 41. Re2 b4 42. Re6 Rc5 43. Ra6 {Black resigns} 1-0

[Event "Team 45 45 League T33"]
[Site "Internet Chess Club"]
[Date "2007.05.11"]
[Round "4"]
[White "Fegary"]
[Black "pokerram"]
[Result "1-0"]
[WhiteElo "1840"]
[BlackElo "1751"]
[ECO "B45"]
[TimeControl "2700+45"]

1. e4 c5 2. Nc3 e6 3. Nge2 Nc6 4. d4 cxd4 5. Nxd4 g6 6. Bf4 a6 7. Nxc6 bxc6 8.
Qd4 f6 9. O-O-O Bg7 10. Bd6 e5 11. Qb4 a5 12. Qc5 Nh6 13. Bc4 a4 14. a3 Ra5 15.
Qb4 Ng4 16. Rdf1 Ba6 17. h3 Bxc4 18. Qxc4 Nh6 19. Rd1 Nf7 20. Bb4 Ra8 21. Rd3
Bh6+ 22. Kb1 Qb6 23. Rhd1 Rd8 24. Nxa4 Qa7 25. Bc5 Qb7 26. Nb6 d5 27. exd5 Nd6
28. dxc6 Qxc6 29. Qe6+ Kf8 30. Qxf6+ Kg8 31. Qxd8+ Kg7 32. Qxd6 {Black resigns}
1-0

[Event "Team 45 45 League T33"]
[Site "Internet Chess Club"]
[Date "2007.05.12"]
[Round "4"]
[White "JeCrainsDegun"]
[Black "C-Jones"]
[Result "0-1"]
[WhiteElo "1635"]
[BlackElo "1642"]
[ECO "C70"]
[TimeControl "2700+45"]

1. e4 e5 2. Nf3 Nc6 3. Bb5 a6 4. Ba4 Bc5 5. c3 b5 6. Bb3 Nf6 7. Qe2 O-O 8. O-O
h6 9. d3 Re8 10. Be3 Bxe3 11. fxe3 d5 12. Nbd2 dxe4 13. Nxe4 Nxe4 14. dxe4 Be6
15. Rad1 Qe7 16. Bd5 Qc5 17. a3 Rad8 18. Rd2 Bxd5 19. exd5 Rxd5 20. Rxd5 Qxd5
21. e4 Qb3 22. Rd1 f6 23. Rd7 Re7 24. Qd2 Qe6 25. Rd5 Na5 26. Nh4 Nc4 27. Rd8+
Kf7 28. Qe2 g6 29. b3 Qb6+ 30. Kh1 Qe3 31. Qxe3 Nxe3 32. Rd2 g5 33. Nf3 Ke6 34.
Kg1 Rd7 35. h3 Rxd2 36. Nxd2 Nc2 37. a4 bxa4 38. bxa4 f5 39. Kf2 fxe4 40. Nxe4
Kd5 41. Nd2 Na3 42. Ke2 Nc4 43. Nf3 a5 44. g3 Nb6 45. h4 gxh4 46. gxh4 Nxa4 47.
Kd2 e4 48. Ne1 Kc4 49. Ke3 Nxc3 50. Nc2 Kb3 51. Nd4+ Kb2 {White resigns} 0-1

[Event "Team 45 45 League T33"]
[Site "Internet Chess Club"]
[Date "2007.05.16"]
[Round "4"]
[White "chessateer"]
[Black "Thestorm"]
[Result "0-1"]
[WhiteElo "1874"]
[BlackElo "2114"]
[ECO "B23"]
[TimeControl "2700+45"]

1. e4 c5 2. Nc3 d6 3. f4 Nc6 4. Nf3 g6 5. Bb5 Bd7 6. Bxc6 Bxc6 7. d3 Bg7 8. O-O
Nf6 9. Rb1 O-O 10. Qe1 Qb6 11. h3 d5 12. e5 Ne8 13. Qh4 f6 14. Ne2 c4+ 15. d4
Ba4 16. b3 cxb3 17. axb3 Bb5 18. c4 Bxc4 19. bxc4 Qxb1 20. cxd5 Qd3 21. Ng3 Nc7
22. f5 Nxd5 23. fxg6 Qxg6 24. Nh5 a5 25. Nxg7 Kxg7 26. Ba3 b5 27. exf6+ Rxf6 28.
Kh2 Rf4 29. Qe1 Re4 30. Qb1 Re2 31. Qxg6+ hxg6 32. Ne5 b4 33. Bc1 a4 34. Rf7+
Kg8 35. Bh6 Rxe5 36. Rg7+ Kh8 {White resigns} 0-1

[Event "Team 45 45 League T33"]
[Site "Internet Chess Club"]
[Date "2007.05.15"]
[Round "4"]
[White "ETwoEFour"]
[Black "corsair"]
[Result "1-0"]
[WhiteElo "1973"]
[BlackElo "1810"]
[ECO "C26"]
[TimeControl "2700+45"]

1. e4 e5 2. Nc3 Nf6 3. g3 Nc6 4. Bg2 Bc5 5. Nge2 d6 6. Na4 Bg4 7. h3 Bh5 8. Nxc5
dxc5 9. d3 Nd4 10. g4 Bg6 11. f4 Nxe2 12. Qxe2 exf4 13. Bxf4 Nd7 14. O-O-O c6
15. h4 h5 16. g5 Qa5 17. Kb1 Qb5 18. Rhf1 Nb6 19. c4 Qa6 20. Qe1 O-O 21. Bd6
Rfe8 22. Bxc5 Na4 23. Bg1 b5 24. b3 Nb6 25. c5 Nd7 26. Qc3 Qa3 27. Bd4 b4 28.
Qa1 Kh7 29. Bxg7 Nxc5 30. Bh6 Rg8 31. Qe5 Qa5 32. Rf5 {Black resigns} 1-0

[Event "Team 45 45 League T33"]
[Site "Internet Chess Club"]
[Date "2007.05.12"]
[Round "4"]
[White "rippedmonkey"]
[Black "Ghashgork"]
[Result "0-1"]
[WhiteElo "1763"]
[BlackElo "1699"]
[ECO "A20"]
[TimeControl "2700+45"]

1. c4 e5 2. g3 Nc6 3. Bg2 f5 4. Nc3 Nf6 5. d3 Bb4 6. Bd2 O-O 7. a3 Bxc3 8. Bxc3
d5 9. cxd5 Nxd5 10. Bd2 Nce7 11. Nf3 Ng6 12. O-O c6 13. b4 a6 14. Qb3 Kh8 15.
Qb2 Re8 16. a4 Qd6 17. Rfc1 Bd7 18. Bc3 Re7 19. Bd2 Ree8 20. Rc2 h6 21. Rac1 Kh7
22. Ne1 Rad8 23. Qb3 Be6 24. Qb2 Bd7 25. Qa1 Rb8 26. Rb2 f4 27. Nc2 fxg3 28.
hxg3 Qf6 29. Ne3 Rf8 30. Rf1 Be6 31. Nxd5 Bxd5 32. Bxd5 cxd5 33. Rc2 Qe6 34. Kg2
Rbc8 35. Rxc8 Rxc8 36. Qb2 Qg4 37. Bc1 Nf4+ 38. Bxf4 exf4 39. Rh1 fxg3 40. fxg3
Re8 41. Kf2 Qf5+ 42. Ke1 Qxd3 43. Rg1 Qe3 44. Qc2+ Kh8 45. Rg2 Qe4 46. Qxe4 Rxe4
47. b5 Rxa4 48. bxa6 bxa6 49. Kf2 Rb4 50. Rg1 a5 51. Ra1 a4 52. Ra3 g5 53. Ke3
Kg7 54. Kd3 Re4 55. Rc3 Rc4 56. Rxc4 dxc4+ 57. Kxc4 Kf6 58. Kb4 Ke5 59. Kxa4 Ke4
{White resigns} 0-1

[Event "Team 45 45 League T33"]
[Site "Internet Chess Club"]
[Date "2007.05.14"]
[Round "4"]
[White "joshtournman"]
[Black "AntonioMendonca"]
[Result "1/2-1/2"]
[WhiteElo "1597"]
[BlackElo "1624"]
[ECO "B22"]
[TimeControl "2700+45"]

1. e4 c5 2. c3 Nf6 3. d3 e6 4. Bg5 Be7 5. Nf3 d5 6. e5 Nfd7 7. Bxe7 Qxe7 8. Be2
Nc6 9. d4 cxd4 10. cxd4 Qb4+ 11. Qd2 O-O 12. Qxb4 Nxb4 13. Na3 a6 14. O-O b5 15.
Rfc1 Nb6 16. b3 Ra7 17. Nc2 Nxc2 18. Rxc2 Bd7 19. Rac1 Rc8 20. Rxc8+ Nxc8 21. a4
Ne7 22. axb5 axb5 23. g3 Nf5 24. Rc5 h6 25. Bxb5 Bxb5 26. Rxb5 Ra3 27. g4 Ne7
28. Rb8+ Kh7 29. Rb7 Ng6 30. Rxf7 Rxb3 31. h4 Rb1+ 32. Kg2 Rb3 33. h5 Nh8 34.
Re7 Rb6 35. g5 hxg5 36. Nxg5+ Kh6 37. Nxe6 Kxh5 38. Nxg7+ Kh6 39. Re6+ Rxe6 40.
Nxe6 Ng6 41. Nc7 Ne7 42. f4 Nf5 43. e6 Kg6 44. Nxd5 Nxd4 45. e7 Kf7 46. Kh3 Nf5
47. Kg4 Nd6 48. f5 Nc8 49. f6 Nd6 50. Kg5 Ne4+ 51. Kf5 Nxf6 52. Nxf6 {Game drawn
by mutual agreement} 1/2-1/2